 Dungeon Crawl Stone Soup version 0.21.1-1-g345015fe64 (webtiles) character file.

28 DildoBatman the Vexing (level 3, 0/29 HPs)
             Began as a Formicid Enchanter on Mar 16, 2018.
             Succumbed to a goblin's poison
             ... on level 1 of the Dungeon.
             The game lasted 00:02:44 (615 turns).

DildoBatman the Vexing (Formicid Enchanter)          Turns: 615, Time: 00:02:44

Health: 0/29       AC:  6    Str: 11 (13) XL:     3   Next: 30%
Magic:  4/6        EV: 10    Int:  9 (12) God:
Gold:   29         SH:  0    Dex:  9 (11) Spells: 5/6 levels left

rFire    . . .     SeeInvis +   l - +0 dagger (venom)
rCold    . . .     Gourm    .   (no shield)
rNeg     . . .     Faith    .   e - +0 ring mail
rPois    .         Spirit   .   (helmet unavailable)
rElec    +         Reflect  .   (no cloak)
rCorr    .         Harm     .   (no gloves)
MR       .....                  g - +0 pair of boots
Stlth    +.........             (no amulet)
HPRegen  0.09/turn              (no ring)
MPRegen  0.10/turn              (no ring)

@: lethally poisoned (0 -> -6)
A: permanent stasis, dig shafts and tunnels, four strong arms, antennae 3,
deterioration 1, dopey 1, electricity resistance
a: Dig, Shaft Self


You were on level 1 of the Dungeon.
You were not hungry.

You visited 1 branch of the dungeon, and saw 1 of its levels.

You collected 29 gold pieces.

Inventory:

Hand Weapons
 a - a +1 dagger
 d - a cursed -1 short sword
 l - a +0 dagger of venom (weapon)
Missiles
 b - 23 stones (quivered)
Armour
 e - a +0 ring mail (worn)
 g - a +0 pair of boots (worn)
Scrolls
 h - a scroll of teleportation {unknown}
 k - a scroll of magic mapping {unknown}
Books
 c - a book of Maledictions

   Spells                             Type                      Level
   a - Corona                         Hexes                        1
   b - Ensorcelled Hibernation        Hexes/Ice                    2
   c - Confuse                        Hexes                        3
   d - Tukima's Dance                 Hexes                        3
   e - Dazzling Spray                 Conjuration/Hexes            3
Comestibles
 f - a chunk of flesh
 v - 2 rations


   Skills:
 - Level 3.0 Fighting
 - Level 1.0 Short Blades
 * Level 0.0 Armour
 * Level 1.7 Dodging
 * Level 3.6 Stealth
 - Level 2.1 Spellcasting
 - Level 3.6 Hexes


You had 5 spell levels left.
You knew the following spells:

 Your Spells              Type           Power        Failure   Level  Hunger
a - Corona                Hex            #......      19%         1    ##.....


Dungeon Overview and Level Annotations

Branches:
Dungeon (1/15)

Altars:


Innate Abilities, Weirdness & Mutations

You cannot be hasted, slowed, berserked, paralysed or teleported.
You can dig through walls and to a lower floor.
Your four strong arms can wield two-handed weapons with a shield.
You have a pair of large antennae on your head. (SInv)
Your body sometimes deteriorates upon taking damage.
You are dopey. (Int -2)
You are resistant to electric shocks. (rElec)


Message History

It was a potion of mutation.
You feel extremely strange.
You feel yourself wasting away.
You feel stupid.
You feel insulated.
You feel sick.
Unknown command.
It was a potion of degeneration.
There was something very wrong with that liquid.
You feel weakened.
You feel dopey.
You feel clumsy.
You feel sick.
Your magical contamination has completely faded away.
You feel sick.
You feel sick.
You feel sick.
You feel sick.
You feel sick.
You die...

.#######.## #.# #.#
...####...###.####.####
................)...#..
#..###...###.#####.#.#
#.. ##.## #.# #...# #..
#.# #.# ##### #####>.
#.# #.# # .......####.#
#.# # ........†@..#
#.###### #
####...#########......#
# .......
#.......####.# ####...
#.#####.# #.# ##.#
#.####.## .. #.......#
#.. #.####..# .#.
.#####.####..#
....[.........#


There were no monsters in sight!

Vanquished Creatures
  An ooze (D:1)
  A dart slug (D:1)
  A leopard gecko (D:1)
  4 bats (D:1)
  2 goblins (D:1)
  A hobgoblin (D:1)
  5 kobolds (D:1)
  4 frilled lizards (D:1)
  2 rats (D:1)
21 creatures vanquished.

Notes
Turn   | Place    | Note
-------+----------+-------------------------------------------
     0 | D:1      | DildoBatman the Formicid Enchanter began the quest for the Orb.
     0 | D:1      | Reached XP level 1. HP: 13/13 MP: 3/3
    21 | D:1      | Reached skill level 1 in Fighting
    46 | D:1      | Reached XP level 2. HP: 21/21 MP: 5/5
   344 | D:1      | Reached XP level 3. HP: 20/28 MP: 6/6
   606 | D:1      | Gained mutation: Your body sometimes deteriorates upon taking damage. [potion of mutation]
   606 | D:1      | Gained mutation: You are dopey. (Int -2) [potion of mutation]
   606 | D:1      | Gained mutation: You are resistant to electric shocks. (rElec) [potion of mutation]
   614 | D:1      | HP: 1/29 [poisoned by a goblin]
   615 | D:1      | Succumbed to a goblin's poison

Skill      XL: |  1  2  3 |
---------------+----------+-----
Fighting       | 1 2 3 |  3.0
Short Blades   | |  1.0
Dodging        | |  1.7
Stealth        | |  3.6
Spellcasting   | |  2.1
Hexes          | |  3.6

Action                   || total
-------------------------++-------
Melee: Dagger            ||    92
 Cast: Corona            ||    13
 Abil: Dig               ||     1
  Use: Potion            ||     2
 Stab: Sleeping          ||     5
Armor: Ring mail         ||    42
       Leather armour    ||     2
Dodge: Dodged            ||    80
